 Dungeon Crawl Stone Soup version bcrawl-1.27.3 (webtiles) character file.

Game seed: 15351196665699959959

404075 MisterOstroum the Insei (level 6, -8/45 HPs)
             Began as an Octopode Martial Artist on Sept 24, 2020.
             Was a Believer of Wu Jian.
             Mangled by a bullfrog zombie (9 damage)
             ... on level 5 of the Dungeon.
             The game lasted 00:07:20 (1061 turns).

MisterOstroum the Insei (Octopode Martial Artist)   Turns: 1061, Time: 00:07:20

Health: -8/45      AC:  1    Str: 13    XL:     6   Next: 99%
Magic:  6/7        EV: 19    Int: 11    God:    Wu Jian [**....]
Gold:   186        SH:  0    Dex: 20    Spells: 6/7 levels left

rFire    . . .     SeeInvis .     - Tentacles (9.3)
rCold    . . .     Gourm    .   (no shield)
rNeg     . . .     Faith    .   (helmet restricted)
rPois    .         Spirit   .   (cloak restricted)
rElec    .         Reflect  .   g - amulet of the acrobat
rCorr    .         Harm     .   (no ring)
MR       .....                  (no ring)
Stlth    ++........             (no ring)
HPRegen  0.15/turn              (no ring)
MPRegen  0.10/turn              (no ring)
                                (no ring)
                                (no ring)
                                (no ring)

@: agile, confusing touch, glowing, drained
A: almost no armour, stealthy swim, amphibious, 8 rings, constrict 8, camouflage
1, gelatinous body 1
a: Wall Jump, Serpent's Lash, Renounce Religion


You were on level 5 of the Dungeon.
You worshipped Wu Jian.
Wu Jian was pleased with you.
You were hungry.

You visited 1 branch of the dungeon, and saw 6 of its levels.

You collected 186 gold pieces.

Inventory:

Hand Weapons
 b - a +0 dagger
Missiles
 d - 146 arrows
 f - 411 stones (quivered)
 o - 144 bolts
Magical Staves
 m - an uncursed staff of cold {unknown}
Jewellery
 g - an amulet of the acrobat (around mantle)
 l - the ring "Qideoc" {Dex+2 Stlth--}
   (You found it on level 3 of the Dungeon)

   [ring of attention]

   It affects your dexterity (+2).
   It makes you much less stealthy.
Wands
 i - a wand of enslavement (7)
Scrolls
 h - a scroll of blinking {@r4}
 j - a scroll of fog {unknown}
 n - a scroll of magic mapping {unknown}
Potions
 c - a potion of mutation
 k - a potion of curing {@q1 !q}
Comestibles
 e - 5 rations {!d}


   Skills:
 * Level 5.4(4.3) Fighting
 - Level 3.0(1.9) Dodging
 - Level 4.0(2.9) Stealth
 * Level 6.0(4.9) Unarmed Combat
 - Level 1.0(0.0) Spellcasting
 - Level 1.0(0.0) Hexes


You had 6 spell levels left.
You knew the following spells:

 Your Spells              Type           Power        Failure   Level  Hunger
a - Confusing Touch       Hex            #.......     34%         1    None
Your spell library was empty.

Dungeon Overview and Level Annotations

Branches:
Dungeon (6/12)
 Temple: D:4-7

Altars:
Dithmenos
Qazlal
Xom
Yredelemnul
Zin

Annotations:
D:3 exclusion: ogre, Grinder
D:5 1 transporter


Innate Abilities, Weirdness & Mutations

You cannot wear most types of armour.
You are very stealthy in the water. (Stealth+)
You are amphibious.
You can wear up to eight rings at the same time.
You can use your tentacles to constrict eight enemies at once.
Your skin changes colour to match your surroundings (Stealth+).
Your rubbery body absorbs attacks. (AC +1, EV +1)


Message History

The poisoned tomahawk closely misses you.
The poisoned tomahawk hits the adder.
The gnoll hits you from afar with a +0 halberd!
* * * LOW HITPOINT WARNING * * *
You release your grip on the gnoll.
You lunge at the orc.
You bludgeon the orc!
You kill the orc!
The Council accepts your kill.
There is a stone staircase leading up here.
Unknown command.
Unknown command.
The adder closely misses you. The gnoll hits you.
* * * LOW HITPOINT WARNING * * *
The gnoll barely misses you.
You climb upwards.
Level annotation: 1 transporter
There is a stone staircase leading down here.
You spin and attack the adder.
You bludgeon the adder! Your grab misses the adder.
The adder is almost dead.
The adder barely misses you. x2
Aiming: Wall Jump
Press: ? - help, Dir - move target cursor, f - you Please select an adjacent position to wall jump against.
Unknown command.
You spin and attack the adder.
You closely miss the adder. You grab the adder.
The adder is almost dead.
You constrict the adder.
A hound comes into view.
The adder misses you.
You release your grip on the adder.
You spin and attack the adder repeatedly.
You tentacle-slap the adder.
You kill the adder!
The Council accepts your kill.
You spin and attack the gnoll.
You closely miss the gnoll. Your squeeze misses the gnoll.
The gnoll is heavily wounded.
The gnoll hits you.
* * * LOW HITPOINT WARNING * * *
The hound barks!
Unknown command.
Unknown command.
A bullfrog zombie comes into view.
Aiming: Wall Jump
Press: ? - help, Dir - move target cursor The hound pauses to sniff the ground.
The bullfrog zombie closely misses you.
You feel a little less agile now.
There is a stone staircase leading up here.
The hound barely misses you.
You barely miss the hound. You grab the hound. You constrict the hound.
The hound bites you.
* * * LOW HITPOINT WARNING * * *
The hound barely misses you.
Really quaff
a - a potion of agility {@q5 !q}?
You feel agile all of a sudden.
You constrict the hound. The hound misses you.
Casting: Confusing Touch (safe; 34% risk of failure)
Confirm with . or Enter, or press ? or * to list all spells.
Your tentacles begin to glow red.
You constrict the hound. The hound closely misses you. The hound misses you.
The hound seems disoriented.
You tentacle-slap the hound but do no damage.
The hound is lightly wounded.
You constrict the hound. The gnoll barely misses you.
You release your grip on the hound.
You spin and attack the gnoll.
The gnoll seems disoriented.
You tentacle-slap the gnoll. You grab the gnoll.
The gnoll is severely wounded.
You constrict the gnoll.
The hound seems less confused.
The gnoll seems disoriented.
You tentacle-slap the gnoll. x2
You kill the gnoll!
The Council accepts your kill.
Your base Unarmed Combat skill increases to level 6!
The hound misses you. x2
You barely miss the hound. Your grab misses the hound.
Your squeeze misses the hound.
The hound is moderately wounded.
The hound completely misses you.
You miss the hound. You grab the hound.
The hound is moderately wounded.
You constrict the hound. The hound misses you.
You release your grip on the hound.
You spin and attack the hound.
You tentacle-slap the hound. You grab the hound.
The hound is severely wounded.
You constrict the hound. The hound bites you but does no damage.
The hound bites you.
* * * LOW HITPOINT WARNING * * *
You see here a gnoll corpse.
You release your grip on the hound.
You spin and attack the hound.
You tentacle-slap the hound.
You kill the hound!
The Council accepts your kill.
You can now move at supernatural speeds, pinning foes you attack.
The bullfrog zombie hits you.
* * * LOW HITPOINT WARNING * * *
You barely miss the bullfrog zombie. You grab the bullfrog zombie.
You squeeze the bullfrog zombie!
The bullfrog zombie is moderately damaged.
You constrict the bullfrog zombie. The bullfrog zombie hits you!
You die...

######### ####### ###
#.......# ......##
...#.#####.#
#.#.......#.#.#####.#
#...# # #.<.........#
#..##.# #####.......#
......# #....##†#..#
##.#### #...<.Z@...#
##.# ##§..#####..#
...# ##§§..§# #..#
...# ##§§§..§§##...#
#.#####§§§§§..§§#.###
..##.h§§......§§..#
.......§§.._......#
..###...............
..# ###.....§§§.###.


You could see a bullfrog zombie.

Vanquished Creatures
  An ogre (D:5)
  A wight (D:3)
  A centaur zombie (D:5)
  2 hounds (D:5)
  An orc priest (D:4)
  Terence (D:3)
  An orc wizard (D:4)
  2 worker ants
  A worker ant zombie (D:5)
  3 gnolls
  2 adders
  An ooze (D:3)
  2 adder zombies
  A leopard gecko (D:2)
  3 orcs
  3 bats
  A goblin (D:1)
  A hobgoblin (D:3)
  3 kobolds
  A quokka (D:3)
  3 rats
35 creatures vanquished.

Notes
Turn   | Place    | Note
-------+----------+-------------------------------------------
     0 | D:1      | MisterOstroum the Octopode Martial Artist began the quest
                  | for the Orb.
     0 | D:1      | Reached XP level 1. HP: 16/16 MP: 2/2
    73 | D:2      | Reached XP level 2. HP: 17/21 MP: 3/3
   141 | D:3      | Noticed Terence
   145 | D:3      | Found a basalt altar of Yredelemnul.
   147 | D:3      | Killed Terence
   147 | D:3      | Reached XP level 3. HP: 11/26 MP: 4/4
   187 | D:3      | Noticed an ogre
   188 | D:3      | Noticed Grinder
   280 | D:3      | Found a stormy altar of Qazlal.
   313 | D:3      | Reached XP level 4. HP: 19/33 MP: 5/5
   328 | D:3      | Got a bound jade ring
   329 | D:3      | Identified the cursed ring "Qideoc" {Dex+2 Stlth--} (You
                  | found it on level 3 of the Dungeon)
   468 | D:4      | Found a glowing silver altar of Zin.
   468 | D:4      | Noticed an angel
   468 | D:4      | Noticed a -2 dagger
   468 | D:4      | Noticed a +0 hand axe
   499 | D:4      | Reached XP level 5. HP: 23/37 MP: 4/6
   504 | D:4      | Reached skill level 5 in Unarmed Combat
   524 | D:4      | Found a shimmering altar of Xom.
   661 | D:5      | Entered Level 5 of the Dungeon
   856 | D:5      | Noticed an ogre
   864 | D:5      | Killed an ogre
   864 | D:5      | Reached skill level 5 in Fighting
   864 | D:5      | Reached XP level 6. HP: 35/45 MP: 4/7
   873 | D:5      | Found a transporter.
   873 | D:5      | Noticed an ice beast
   873 | D:5      | Noticed an ice beast
   918 | D:5      | Got a transparent dagger
   919 | D:5      | Identified the +7 dagger of Jeinn {chaos, *Drain +Rage
                  | Str+2} (You found it on level 5 of the Dungeon)
   964 | D:5      | Found a shadowy altar of Dithmenos.
  1030 | D:6      | Noticed a sky beast
  1056 | D:5      | Reached skill level 6 in Unarmed Combat
  1060 | D:5      | Reached ** piety under Wu Jian
  1060 | D:5      | HP: 1/45 [bullfrog zombie (2)]
  1061 | D:5      | Mangled by a bullfrog zombie

Skill      XL: |  1  2  3  4  5  6 |
---------------+-------------------+-----
Stealth        | 2 3 4 |  4.0
Fighting       | 4 5 |  5.4
Unarmed Combat | 5 6 |  6.0
Dodging        | |  3.0
Spellcasting   | |  1.0
Hexes          | |  1.0

Action                   |  1- 3 |  4- 6 || total
-------------------------+-------+-------++-------
Melee: Unarmed           |    32 |    80 ||   112
       Constrict         |     9 |    25 ||    34
       Dagger            |     4 |       ||     4
       Tentacles         |     3 |    14 ||    17
       Punch             |       |     3 ||     3
Throw: Stone             |       |     3 ||     3
 Cast: Confusing Touch   |       |     6 ||     6
Invok: Lunge             |     8 |     5 ||    13
       Whirlwind         |     4 |    20 ||    24
 Abil: Wall Jump         |     1 |     1 ||     2
  Use: Scroll            |       |     6 ||     6
       Potion            |       |     1 ||     1
 Stab: Sleeping          |     6 |     6 ||    12
       Distracted        |       |     1 ||     1
  Eat: Chunk             |       |     2 ||     2
Armor: Skin              |     2 |     1 ||     3
Dodge: Dodged            |    19 |    51 ||    70
